Bruins vs BlueJackets

Created - Sunday, December 28, 2014 at 23:22

Goals
1 2 3 T
Bruins 5 3 0 8
BlueJackets 2 1 3 6
Shots
1 2 3 T
Bruins 13 6 6 25
BlueJackets 15 5 11 31

1st period

1. Bruins , Matt Duchene 22 (Jeff Petry) at 0:25
2. BlueJackets , Andrew Ference 6 (Brent Burns, Justin Williams) at 1:58 (PP)
3. BlueJackets , Andrej Meszaros 4 (Ron Hainsey, Teddy Purcell) at 3:15 (PP)
4. Bruins , Shea Weber 21 (Marian Hossa, Paul Stastny) at 5:34 (PP)
5. Bruins , Matt Duchene 23 (Nick Holden) at 12:53
6. Bruins , Ryan O'Reilly 23 (T.J. Oshie) at 13:54
7. Bruins , Matt Duchene 24 (Andre Benoit) at 16:48

Penalties :
Brenden Dillon (Bos) for Tripping (Minor) at 1:33, Tommy Wingels (Bos) for Interference (Minor) at 2:13, Andrew Ference (Clb) for Goalie Interference (Minor) at 5:04

2nd period

8. Bruins , Ryan O'Reilly 24 (Matt Duchene, Anze Kopitar) at 0:54 (PP)
9. Bruins , Zemgus Girgensons 1 (Shea Weber, Tommy Wingels) at 5:35
10. Bruins , Paul Stastny 16 (Ryan O'Reilly, Jonas Brodin) at 9:24
11. BlueJackets , Ryan Garbutt 2 (Derick Brassard, Andrej Meszaros) at 13:48

Penalties :
Brendan Smith (Clb) for Tripping (Minor) at 0:30

3rd period

12. BlueJackets , Brent Burns 16 (Derick Brassard) at 2:46 (PP)
13. BlueJackets , Erik Cole 6 (Kevin Klein) at 7:10
14. BlueJackets , Gabriel Bourque 3 (Michael Raffl, Antoine Roussel) at 10:39

Penalties :
Tom Wilson (Bos) for Roughing (Minor) at 2:44, Brenden Dillon (Bos) for Interference (Minor) at 3:25, Vincent Lecavalier (Clb) for Holding (Minor) at 8:07, Nick Holden (Bos) for Tripping (Minor) at 16:30

Goalie Stats

Peter Budaj (Bos), 25 saves from 31 shots - (0.806), W, 8-0-0, 60:00 minutes
Joni Ortio (Clb), 10 saves from 14 shots - (0.714), 44:30 minutes
Matt Climie (Clb), 7 saves from 11 shots - (0.636), L, 0-1-0, 15:30 minutes

Players Stats for Bruins

Player Name              G  A  P  +/- PIM S  H  SB GA TA FO     MP     PP MP  PK MP  
------------------------------------------------------------------------------------
Andre Benoit             0  1  1   0  0   0  1  1  0  1  0/0    16:28   0:05   2:12 
Anze Kopitar             0  1  1   3  0   1  1  0  2  0  11/17  18:08   1:36   0:00 
Brenden Dillon           0  0  0   0  4   0  1  2  1  1  0/0    20:09   0:00   2:31 
Jeff Petry               0  1  1   3  0   0  2  4  1  2  0/0    22:39   0:00   1:59 
Jesse Winchester         0  0  0  -2  0   0  0  0  1  0  1/5    10:39   0:00   0:16 
Jonas Brodin             0  1  1   0  0   0  2  3  0  4  0/0    21:08   0:00   3:28 
Marian Hossa             0  1  1   3  0   0  2  1  0  0  0/1    17:45   1:17   0:00 
Matt Duchene             3  1  4   3  0   8  1  0  2  0  0/1    18:12   1:44   0:00 
Nick Holden              0  1  1   0  2   1  0  0  0  0  0/0    16:59   2:26   0:44 
Paul Stastny             1  1  2   2  0   1  1  0  2  0  5/9    17:25   1:17   1:55 
Ryan O'Reilly            2  1  3   2  0   3  0  0  1  0  1/3    17:02   1:36   1:09 
Ryan Smyth               0  0  0   0  0   0  0  0  2  1  0/1    10:43   0:00   0:16 
Shea Weber               1  1  2   3  0   4  3  0  0  0  0/0    22:37   2:48   0:00 
T.J. Oshie               0  1  1   2  0   2  1  0  0  0  0/0    15:05   1:17   0:00 
Tom Wilson               0  0  0  -2  2   1  0  0  1  0  0/1    10:22   0:00   0:00 
Tommy Wingels            0  1  1   0  2   2  1  0  1  0  1/1    13:47   0:00   3:16 
Valeri Nichushkin        0  0  0  -2  0   1  0  1  1  0  0/0    10:46   0:19   0:00 
Zemgus Girgensons        1  0  1   0  0   1  1  3  0  0  3/11   14:34   0:00   4:02 

Players Stats for BlueJackets

Player Name              G  A  P  +/- PIM S  H  SB GA TA FO     MP     PP MP  PK MP  
------------------------------------------------------------------------------------
Andrej Meszaros          1  1  2   0  0   1  3  2  0  2  0/0    17:16   1:32   2:29 
Andrew Ference           1  0  1  -2  2   4  0  4  0  2  0/0    26:48   3:55   0:24 
Antoine Roussel          0  1  1   0  0   5  3  0  1  1  0/1    16:35   0:44   0:12 
Brendan Smith            0  0  0   0  2   0  0  0  0  0  0/0     5:18   0:00   0:00 
Brent Burns              1  1  2  -2  0   3  0  0  5  0  1/4    23:31   2:19   2:05 
David Savard             0  0  0  -1  0   2  0  1  0  2  0/0    15:55   0:00   0:00 
Derick Brassard          0  2  2  -1  0   2  0  0  4  0  11/18  17:02   3:03   0:00 
Erik Cole                1  0  1  -2  0   6  0  1  3  1  1/1    18:25   2:24   0:00 
Gabriel Bourque          1  0  1   0  0   1  0  0  0  0  0/0    15:04   0:00   0:00 
Justin Williams          0  1  1  -2  0   0  0  0  0  0  2/2    16:19   3:03   0:00 
Kevin Klein              0  1  1   0  0   0  0  2  0  0  0/0    12:51   0:00   0:00 
Michael Raffl            0  1  1   0  0   1  0  1  0  0  3/7    15:16   0:00   0:12 
Ron Hainsey              0  1  1  -1  0   0  0  1  0  0  0/0    19:50   1:32   1:59 
Ryan Garbutt             1  0  1   1  0   1  1  0  0  0  0/0     7:09   0:00   0:00 
Teddy Purcell            0  1  1  -2  0   0  0  0  1  0  0/0    21:01   2:24   2:26 
Tobias Enstrom           0  0  0  -2  0   3  0  2  3  1  0/0    22:00   3:55   0:54 
Vernon Fiddler           0  0  0   1  0   1  0  0  0  0  4/6    10:35   2:24   0:51 
Vincent Lecavalier       0  0  0  -2  2   1  0  0  2  0  6/11   16:09   0:00   0:00 

3 Stars

1 - Matt Duchene (Bos)
2 - Ryan O'Reilly (Bos)
3 - Shea Weber (Bos)

Power Play

Bruins - 2 on 3 Attempt(s) - 66.67%
BlueJackets - 3 on 5 Attempt(s) - 60.00%

Penalty Kill

Bruins - 2 on 5 Attempt(s) - 40.00% - Score 0 goal in Penalty Kill
BlueJackets - 1 on 3 Attempt(s) - 33.33% - Score 0 goal in Penalty Kill

Official

Referees : Unknown
Linesman : Unknown

Game Notes

Matt Climie enters game at 13:54 of 1st period
Matt Duchene has scored a Hat Trick!
Joni Ortio enters game at 9:24 of 2nd period

Finance

Level 1 -- Attendance: 4144 (69.07%) -- Ticket Income $414,400
Level 2 -- Attendance: 3552 (71.04%) -- Ticket Income $213,120
Level 3 -- Attendance: 1456 (72.80%) -- Ticket Income $50,960
Level 4 -- Attendance: 2962 (74.05%) -- Ticket Income $59,240
Luxury Box -- Attendance: 682 (68.20%) -- Ticket Income $136,400
Game was played at the Nationwide Arena
Total Attendance: 12796 (71.09%)
Total Ticket Income: $874,120
Other Income: $428,319
Total Income: $1,302,439

Bruins

5 vs 5 Forward 
   Center                   Left Wing                Right Wing               Time % Phy DF OF 
 1 Anze Kopitar             Matt Duchene             Marian Hossa             40     1   2  2  
 2 Paul Stastny             Ryan O'Reilly            T.J. Oshie               30     1   2  2  
 3 Zemgus Girgensons        Ryan Smyth               Tommy Wingels            20     1   2  2  
 4 Jesse Winchester         Valeri Nichushkin        Tom Wilson               10     2   2  1  

5 vs 5 Defense 
   Defense                  Defense                                           Time % Phy DF OF 
 1 Shea Weber               Jeff Petry                                        40     1   2  2  
 2 Brenden Dillon           Jonas Brodin                                      35     1   2  2  
 3 Nick Holden              Andre Benoit                                      20     1   2  2  
 4 Shea Weber               Jeff Petry                                        5      1   2  2  

PowerPlay Forward 
   Center                   Left Wing                Right Wing               Time % Phy DF OF 
 1 Anze Kopitar             Matt Duchene             Ryan O'Reilly            60     1   0  4  
 2 Paul Stastny             T.J. Oshie               Marian Hossa             40     1   0  4  

PowerPlay Defense
   Defense                  Defense                                           Time % Phy DF OF 
 1 Shea Weber               Nick Holden                                       60     1   1  3  
 2 Shea Weber               Matt Duchene                                      40     1   1  3  

Penalty Kill 4 Players Forward 
   Center                   Wing                     Time % Phy DF OF 
 1 Zemgus Girgensons        Tommy Wingels            60     1   3  1  
 2 Jesse Winchester         Ryan Smyth               40     1   3  1  

Penalty Kill 4 Players Defense
   Defense                  Defense                  Time % Phy DF OF 
 1 Brenden Dillon           Jonas Brodin             50     1   3  1  
 2 Jeff Petry               Andre Benoit             50     1   3  1  

Penalty Kill - 3 Players Forward 
   Forward                                           Time % Phy DF OF 
 1 Zemgus Girgensons                                 60     1   4  0  
 2 Jesse Winchester                                  40     1   4  0  

Penalty Kill - 3 Players Defense
   Defense                  Defense                  Time % Phy DF OF 
 1 Jonas Brodin             Brenden Dillon           55     1   4  0  
 2 Jeff Petry               Andre Benoit             45     1   4  0  

4 vs 4 Forward 
   Center                   Wing                     Time % Phy DF OF 
 1 Anze Kopitar             Marian Hossa             60     1   1  3  
 2 Paul Stastny             Matt Duchene             40     1   2  2  

4 vs 4 Defense
   Defense                  Defense                  Time % Phy DF OF 
 1 Shea Weber               Jeff Petry               60     1   2  2  
 2 Brenden Dillon           Jonas Brodin             40     1   2  2  

Last Minutes Offensive
   Center                   Left Wing                Right Wing               Defense                  Defense                  
   Anze Kopitar             Matt Duchene             Marian Hossa             Shea Weber               Nick Holden              

Last Minutes Defensive
   Center                   Left Wing                Right Wing               Defense                  Defense                  
   Anze Kopitar             Ryan O'Reilly            Marian Hossa             Shea Weber               Jeff Petry               

Goaltenders
Starting : Peter Budaj              
Backup : Jonathan Quick           

Extra Forwards
Normal : Valeri Nichushkin, Tommy Wingels, Ryan Smyth - PP : Valeri Nichushkin, Tommy Wingels - PK : Paul Stastny
Extra Defensemen
Normal : Brenden Dillon, Andre Benoit, Nick Holden - PP : Andre Benoit - PK : Andre Benoit, Nick Holden
Penalty Shots
T.J. Oshie, Ryan O'Reilly, Anze Kopitar, Matt Duchene, Valeri Nichushkin

BlueJackets

5 vs 5 Forward 
   Center                   Left Wing                Right Wing               Time % Phy DF OF 
 1 Derick Brassard          Justin Williams          Brent Burns              35     1   2  2  
 2 Vincent Lecavalier       Teddy Purcell            Erik Cole                30     1   2  2  
 3 Michael Raffl            Gabriel Bourque          Antoine Roussel          22     1   2  2  
 4 Vernon Fiddler           Ryan Garbutt             Brent Burns              13     1   2  2  

5 vs 5 Defense 
   Defense                  Defense                                           Time % Phy DF OF 
 1 Tobias Enstrom           Andrew Ference                                    35     1   2  2  
 2 David Savard             Ron Hainsey                                       30     1   2  2  
 3 Kevin Klein              Andrej Meszaros                                   22     1   2  2  
 4 Brendan Smith            Andrew Ference                                    13     1   2  2  

PowerPlay Forward 
   Center                   Left Wing                Right Wing               Time % Phy DF OF 
 1 Derick Brassard          Justin Williams          Brent Burns              60     1   2  2  
 2 Vernon Fiddler           Teddy Purcell            Erik Cole                40     1   2  2  

PowerPlay Defense
   Defense                  Defense                                           Time % Phy DF OF 
 1 Tobias Enstrom           Andrew Ference                                    60     1   2  2  
 2 Andrej Meszaros          Ron Hainsey                                       40     1   2  2  

Penalty Kill 4 Players Forward 
   Center                   Wing                     Time % Phy DF OF 
 1 Brent Burns              Teddy Purcell            60     1   2  2  
 2 Derick Brassard          Justin Williams          40     1   2  2  

Penalty Kill 4 Players Defense
   Defense                  Defense                  Time % Phy DF OF 
 1 Tobias Enstrom           Andrew Ference           60     1   2  2  
 2 Andrej Meszaros          Ron Hainsey              40     1   2  2  

Penalty Kill - 3 Players Forward 
   Forward                                           Time % Phy DF OF 
 1 Brent Burns                                       60     1   2  2  
 2 Derick Brassard                                   40     1   2  2  

Penalty Kill - 3 Players Defense
   Defense                  Defense                  Time % Phy DF OF 
 1 Tobias Enstrom           Andrew Ference           60     1   2  2  
 2 Andrej Meszaros          Ron Hainsey              40     1   2  2  

4 vs 4 Forward 
   Center                   Wing                     Time % Phy DF OF 
 1 Brent Burns              Justin Williams          60     1   2  2  
 2 Derick Brassard          Teddy Purcell            40     1   2  2  

4 vs 4 Defense
   Defense                  Defense                  Time % Phy DF OF 
 1 Andrej Meszaros          Andrew Ference           60     1   2  2  
 2 Tobias Enstrom           Ron Hainsey              40     1   2  2  

Last Minutes Offensive
   Center                   Left Wing                Right Wing               Defense                  Defense                  
   Derick Brassard          Justin Williams          Brent Burns              Tobias Enstrom           Andrew Ference           

Last Minutes Defensive
   Center                   Left Wing                Right Wing               Defense                  Defense                  
   Derick Brassard          Justin Williams          Brent Burns              Tobias Enstrom           Andrew Ference           

Goaltenders
Starting : Joni Ortio               
Backup : Matt Climie              

Extra Forwards
Normal : Derick Brassard, Brent Burns, Vernon Fiddler - PP : Derick Brassard, Brent Burns - PK : Vernon Fiddler
Extra Defensemen
Normal : Brent Burns, Andrej Meszaros, Andrew Ference - PP : Brent Burns - PK : Andrej Meszaros, Brent Burns
Penalty Shots
Brent Burns, Vernon Fiddler, Derick Brassard, Justin Williams, Teddy Purcell

% Time on Ice - Bruins

Lines # - Real PCT - Wanted PCT - Time Play
Normal Forward
1 - 33% - 40% - 17:02
2 - 27% - 30% - 13:48
3 - 20% - 20% - 10:27
4 - 20% - 10% - 10:23
Normal Defense
1 - 39% - 40% - 20:12
2 - 35% - 35% - 18:06
3 - 25% - 20% - 12:47
4 - 1% - 5% - 0:35
PP Forward
1 - 55% - 60% - 1:36
2 - 45% - 40% - 1:17
PP Defense
1 - 84% - 60% - 2:26
2 - 16% - 40% - 0:27
PK Forward
1 - 95% - 60% - 5:11
2 - 5% - 40% - 0:16
PK Defense
1 - 64% - 50% - 3:28
2 - 36% - 50% - 1:59
PK3 Forward
1 - 0% - 60%
2 - 0% - 40%
PK3 Defense
1 - 0% - 55%
2 - 0% - 45%
44 Forward
1 - 0% - 60%
2 - 0% - 40%
44 Defense
1 - 0% - 60%
2 - 0% - 40%
Last Minute Offensive  - 0:00
Last Minute Defensive  - 0:00
Total
Forward - 60:00
Defense - 60:00

% Time on Ice - BlueJackets

Lines # - Real PCT - Wanted PCT - Time Play
Normal Forward
1 - 26% - 35% - 13:26
2 - 31% - 30% - 16:01
3 - 29% - 22% - 15:04
4 - 14% - 13% - 7:09
Normal Defense
1 - 33% - 35% - 17:11
2 - 32% - 30% - 16:19
3 - 25% - 22% - 12:51
4 - 10% - 13% - 5:19
PP Forward
1 - 56% - 60% - 3:03
2 - 44% - 40% - 2:24
PP Defense
1 - 72% - 60% - 3:55
2 - 28% - 40% - 1:32
PK Forward
1 - 100% - 60% - 2:53
2 - 0% - 40% - 0:00
PK Defense
1 - 31% - 60% - 0:54
2 - 69% - 40% - 1:59
PK3 Forward
1 - 0% - 60%
2 - 0% - 40%
PK3 Defense
1 - 0% - 60%
2 - 0% - 40%
44 Forward
1 - 0% - 60%
2 - 0% - 40%
44 Defense
1 - 0% - 60%
2 - 0% - 40%
Last Minute Offensive  - 0:00
Last Minute Defensive  - 0:00
Total
Forward - 60:00
Defense - 60:00

Play by Play

1st period


0:01 of 1st period - Derick Brassard wins face-off versus Anze Kopitar in neutral zone.
0:25 of 1st period - Snap shot by Matt Duchene.
0:25 of 1st period - Goal by Matt Duchene - Bruins : 1 - BlueJackets : 0.
0:26 of 1st period - Paul Stastny wins face-off versus Vincent Lecavalier in neutral zone.
0:29 of 1st period - Wrist shot by Ryan O'Reilly.
0:29 of 1st period - Shot Misses the Net.
1:33 of 1st period - Minor Penalty to Brenden Dillon for Tripping.
1:34 of 1st period - Justin Williams wins face-off versus Zemgus Girgensons in Bruins zone.
1:48 of 1st period - Snap shot by Derick Brassard.
1:48 of 1st period - Shot Misses the Net.
1:50 of 1st period - Backhand shot by Andrew Ference.
1:50 of 1st period - Stopped by Peter Budaj with a rebound.
1:52 of 1st period - Slapshot by Andrew Ference.
1:52 of 1st period - Deflect By Brent Burns.
1:52 of 1st period - Shot Blocked by Zemgus Girgensons.
1:52 of 1st period - Puck is out of play.
1:53 of 1st period - Derick Brassard wins face-off versus Zemgus Girgensons in Bruins zone.
1:56 of 1st period - Wrist shot by Brent Burns.
1:56 of 1st period - Stopped by Peter Budaj with a rebound.
1:58 of 1st period - Slapshot by Andrew Ference.
1:58 of 1st period - Goal by Andrew Ference - Bruins : 1 - BlueJackets : 1.
1:59 of 1st period - Derick Brassard wins face-off versus Ryan Smyth in neutral zone.
2:13 of 1st period - Minor Penalty to Tommy Wingels for Interference.
2:14 of 1st period - Zemgus Girgensons wins face-off versus Derick Brassard in Bruins zone.
3:09 of 1st period - Wrist shot by Erik Cole.
3:09 of 1st period - Stopped by Peter Budaj with a rebound.
3:11 of 1st period - Slapshot by Teddy Purcell.
3:11 of 1st period - Shot Misses the Net.
3:13 of 1st period - Wrist shot by Ron Hainsey.
3:13 of 1st period - Shot Blocked by Jonas Brodin.
3:15 of 1st period - Slapshot by Andrej Meszaros.
3:15 of 1st period - Goal by Andrej Meszaros - Bruins : 1 - BlueJackets : 2.
3:16 of 1st period - Michael Raffl wins face-off versus Anze Kopitar in neutral zone.
3:33 of 1st period - Snap shot by Antoine Roussel.
3:33 of 1st period - Stopped by Peter Budaj with a rebound.
3:35 of 1st period - Wrist shot by Michael Raffl.
3:35 of 1st period - Stopped by Peter Budaj without a rebound.
3:36 of 1st period - Anze Kopitar wins face-off versus Michael Raffl in Bruins zone.
3:36 of 1st period - Anze Kopitar is hit by Andrej Meszaros.
3:42 of 1st period - Michael Raffl is hit by Jeff Petry and loses puck.
3:56 of 1st period - Snap shot by Antoine Roussel.
3:56 of 1st period - Deflect By Gabriel Bourque.
3:56 of 1st period - Shot Misses the Net.
3:56 of 1st period - Puck is out of play.
3:57 of 1st period - Zemgus Girgensons wins face-off versus Derick Brassard in Bruins zone.
4:13 of 1st period - Icing by Andrew Ference.
4:14 of 1st period - Zemgus Girgensons wins face-off versus Derick Brassard in BlueJackets zone.
4:17 of 1st period - Slapshot by Tommy Wingels.
4:17 of 1st period - Shot Misses the Net.
4:19 of 1st period - Snap shot by Zemgus Girgensons.
4:19 of 1st period - Deflect By Tommy Wingels.
4:19 of 1st period - Shot Misses the Net.
4:19 of 1st period - Puck is out of play.
4:20 of 1st period - Vincent Lecavalier wins face-off versus Anze Kopitar in BlueJackets zone.
5:04 of 1st period - Minor Penalty to Andrew Ference for Goalie Interference.
5:05 of 1st period - Brent Burns wins face-off versus Paul Stastny in BlueJackets zone.
5:05 of 1st period - Brent Burns is hit by Shea Weber.
5:30 of 1st period - Wrist shot by Marian Hossa.
5:30 of 1st period - Shot Blocked by Andrej Meszaros.
5:32 of 1st period - Wrist shot by Marian Hossa.
5:32 of 1st period - Shot Misses the Net.
5:34 of 1st period - Snap shot by Shea Weber.
5:34 of 1st period - Goal by Shea Weber - Bruins : 2 - BlueJackets : 2.
5:35 of 1st period - Derick Brassard wins face-off versus Jesse Winchester in neutral zone.
6:07 of 1st period - Icing by Andrew Ference.
6:08 of 1st period - Derick Brassard wins face-off versus Ryan O'Reilly in BlueJackets zone.
6:08 of 1st period - Derick Brassard is hit by Paul Stastny.
6:44 of 1st period - Slapshot by T.J. Oshie.
6:44 of 1st period - Stopped by Joni Ortio with a rebound.
6:58 of 1st period - Tobias Enstrom is hit by Matt Duchene and loses puck.
7:53 of 1st period - Wrist shot by Vincent Lecavalier.
7:53 of 1st period - Shot Misses the Net.
7:55 of 1st period - Wrist shot by David Savard.
7:55 of 1st period - Stopped by Peter Budaj with a rebound.
8:14 of 1st period - Snap shot by Erik Cole.
8:14 of 1st period - Stopped by Peter Budaj with a rebound.
8:16 of 1st period - Slapshot by Ron Hainsey.
8:16 of 1st period - Shot Misses the Net.
8:50 of 1st period - Snap shot by Valeri Nichushkin.
8:50 of 1st period - Stopped by Joni Ortio with a rebound.
9:33 of 1st period - Slapshot by Paul Stastny.
9:33 of 1st period - Shot Blocked by Ron Hainsey.
9:35 of 1st period - Slapshot by Nick Holden.
9:35 of 1st period - Shot Misses the Net.
12:49 of 1st period - Snap shot by Matt Duchene.
12:49 of 1st period - Shot Hit the Post.
12:51 of 1st period - Slapshot by Matt Duchene.
12:51 of 1st period - Shot Blocked by Tobias Enstrom.
12:53 of 1st period - Snap shot by Matt Duchene.
12:53 of 1st period - Goal by Matt Duchene - Bruins : 3 - BlueJackets : 2.
12:54 of 1st period - Derick Brassard wins face-off versus Anze Kopitar in neutral zone.
13:24 of 1st period - Wrist shot by Anze Kopitar.
13:24 of 1st period - Stopped by Joni Ortio without a rebound.
13:25 of 1st period - Vincent Lecavalier wins face-off versus Paul Stastny in BlueJackets zone.
13:54 of 1st period - Wrist shot by Ryan O'Reilly.
13:54 of 1st period - Goal by Ryan O'Reilly - Bruins : 4 - BlueJackets : 2.
13:54 of 1st period - Matt Climie enters game.
13:55 of 1st period - Anze Kopitar wins face-off versus Derick Brassard in neutral zone.
14:48 of 1st period - Snap shot by Erik Cole.
14:48 of 1st period - Stopped by Peter Budaj with a rebound.
14:50 of 1st period - Slapshot by Andrew Ference.
14:50 of 1st period - Stopped by Peter Budaj without a rebound.
14:51 of 1st period - Paul Stastny wins face-off versus Michael Raffl in Bruins zone.
15:23 of 1st period - Slapshot by Tobias Enstrom.
15:23 of 1st period - Stopped by Peter Budaj with a rebound.
15:43 of 1st period - Snap shot by Tommy Wingels.
15:43 of 1st period - Stopped by Matt Climie without a rebound.
15:44 of 1st period - Derick Brassard wins face-off versus Zemgus Girgensons in BlueJackets zone.
15:51 of 1st period - Backhand shot by Derick Brassard.
15:51 of 1st period - Shot Blocked by Zemgus Girgensons.
15:53 of 1st period - Wrist shot by Brent Burns.
15:53 of 1st period - Deflect By Derick Brassard.
15:53 of 1st period - Stopped by Peter Budaj with a rebound.
15:55 of 1st period - Wrist shot by Derick Brassard.
15:55 of 1st period - Stopped by Peter Budaj without a rebound.
15:56 of 1st period - Vincent Lecavalier wins face-off versus Jesse Winchester in Bruins zone.
15:59 of 1st period - Snap shot by Erik Cole.
15:59 of 1st period - Stopped by Peter Budaj with a rebound.
16:24 of 1st period - Wrist shot by Jesse Winchester.
16:24 of 1st period - Shot Blocked by Andrej Meszaros.
16:26 of 1st period - Slapshot by Andre Benoit.
16:26 of 1st period - Shot Blocked by Kevin Klein.
16:28 of 1st period - Slapshot by Tom Wilson.
16:28 of 1st period - Shot Misses the Net.
16:48 of 1st period - Snap shot by Matt Duchene.
16:48 of 1st period - Goal by Matt Duchene - Bruins : 5 - BlueJackets : 2.
16:49 of 1st period - Anze Kopitar wins face-off versus Derick Brassard in neutral zone.
17:18 of 1st period - Wrist shot by Anze Kopitar.
17:18 of 1st period - Deflect By Matt Duchene.
17:18 of 1st period - Stopped by Matt Climie with a rebound.
18:10 of 1st period - Wrist shot by Ryan Smyth.
18:10 of 1st period - Shot Blocked by Andrew Ference.
18:34 of 1st period - Wrist shot by Ryan O'Reilly.
18:34 of 1st period - Stopped by Matt Climie with a rebound.
18:36 of 1st period - Slapshot by Nick Holden.
18:36 of 1st period - Stopped by Matt Climie with a rebound.
18:38 of 1st period - Slapshot by Andre Benoit.
18:38 of 1st period - Shot Blocked by Erik Cole.
18:40 of 1st period - Wrist shot by T.J. Oshie.
18:40 of 1st period - Stopped by Matt Climie with a rebound.
18:42 of 1st period - Wrist shot by T.J. Oshie.
18:42 of 1st period - Shot Misses the Net.
18:44 of 1st period - Slapshot by Nick Holden.
18:44 of 1st period - Deflect By Ryan O'Reilly.
18:44 of 1st period - Shot Blocked by David Savard.
18:44 of 1st period - Puck is out of play.
18:45 of 1st period - Vernon Fiddler wins face-off versus Jesse Winchester in BlueJackets zone.
19:27 of 1st period - Slapshot by Vincent Lecavalier.
19:27 of 1st period - Shot Blocked by Valeri Nichushkin.
19:29 of 1st period - Snap shot by Vincent Lecavalier.
19:29 of 1st period - Deflect By Erik Cole.
19:29 of 1st period - Shot Misses the Net.
19:29 of 1st period - Puck is out of play.
19:30 of 1st period - Anze Kopitar wins face-off versus Vincent Lecavalier in Bruins zone.
19:34 of 1st period - Off-side.
19:35 of 1st period - Anze Kopitar wins face-off versus Vincent Lecavalier in neutral zone.
19:58 of 1st period - Wrist shot by Anze Kopitar.
19:58 of 1st period - Shot Misses the Net.
Goals for this period are 5 for Bruins vs 2 for BlueJackets.
Shots for this period are 13 for Bruins vs 15 for BlueJackets.

2nd period


0:01 of 2nd period - Derick Brassard wins face-off versus Matt Duchene in neutral zone.
0:30 of 2nd period - Minor Penalty to Brendan Smith for Tripping.
0:31 of 2nd period - Anze Kopitar wins face-off versus Brent Burns in BlueJackets zone.
0:54 of 2nd period - Wrist shot by Ryan O'Reilly.
0:54 of 2nd period - Goal by Ryan O'Reilly - Bruins : 6 - BlueJackets : 2.
0:55 of 2nd period - Vincent Lecavalier wins face-off versus Paul Stastny in neutral zone.
2:37 of 2nd period - Jonas Brodin is hit by Antoine Roussel and loses puck.
3:30 of 2nd period - Slapshot by Brent Burns.
3:30 of 2nd period - Shot Misses the Net.
5:12 of 2nd period - Brenden Dillon is hit by Andrej Meszaros.
5:31 of 2nd period - Slapshot by Shea Weber.
5:31 of 2nd period - Deflect By Tommy Wingels.
5:31 of 2nd period - Stopped by Matt Climie with a rebound.
5:33 of 2nd period - Slapshot by Shea Weber.
5:33 of 2nd period - Stopped by Matt Climie with a rebound.
5:35 of 2nd period - Wrist shot by Zemgus Girgensons.
5:35 of 2nd period - Goal by Zemgus Girgensons - Bruins : 7 - BlueJackets : 2.
5:36 of 2nd period - Vincent Lecavalier wins face-off versus Zemgus Girgensons in neutral zone.
5:47 of 2nd period - Snap shot by Erik Cole.
5:47 of 2nd period - Stopped by Peter Budaj with a rebound.
6:29 of 2nd period - Andrew Ference is hit by T.J. Oshie and loses puck.
7:20 of 2nd period - Snap shot by Matt Duchene.
7:20 of 2nd period - Shot Misses the Net.
7:22 of 2nd period - Snap shot by Jonas Brodin.
7:22 of 2nd period - Shot Misses the Net.
8:55 of 2nd period - Slapshot by Shea Weber.
8:55 of 2nd period - Shot Blocked by Andrew Ference.
8:57 of 2nd period - Slapshot by Jeff Petry.
8:57 of 2nd period - Shot Blocked by Andrew Ference.
8:59 of 2nd period - Wrist shot by Jeff Petry.
8:59 of 2nd period - Shot Misses the Net.
9:08 of 2nd period - Icing by Brenden Dillon.
9:09 of 2nd period - Vincent Lecavalier wins face-off versus Paul Stastny in Bruins zone.
9:24 of 2nd period - Snap shot by Paul Stastny.
9:24 of 2nd period - Goal by Paul Stastny - Bruins : 8 - BlueJackets : 2.
9:24 of 2nd period - Joni Ortio enters game.
9:25 of 2nd period - Anze Kopitar wins face-off versus Antoine Roussel in neutral zone.
10:26 of 2nd period - Andrew Ference is hit by Shea Weber and loses puck.
12:41 of 2nd period - Andre Benoit is hit by Antoine Roussel and loses puck.
13:02 of 2nd period - Slapshot by Valeri Nichushkin.
13:02 of 2nd period - Shot Misses the Net.
13:46 of 2nd period - Slapshot by Derick Brassard.
13:46 of 2nd period - Shot Blocked by Brenden Dillon.
13:48 of 2nd period - Snap shot by Ryan Garbutt.
13:48 of 2nd period - Goal by Ryan Garbutt - Bruins : 8 - BlueJackets : 3.
13:49 of 2nd period - Michael Raffl wins face-off versus Ryan O'Reilly in neutral zone.
13:54 of 2nd period - Wrist shot by Antoine Roussel.
13:54 of 2nd period - Stopped by Peter Budaj without a rebound.
13:55 of 2nd period - Paul Stastny wins face-off versus Michael Raffl in Bruins zone.
13:55 of 2nd period - Paul Stastny is hit by Antoine Roussel.
14:07 of 2nd period - Snap shot by Michael Raffl.
14:07 of 2nd period - Deflect By Antoine Roussel.
14:07 of 2nd period - Stopped by Peter Budaj with a rebound.
14:09 of 2nd period - Wrist shot by Andrew Ference.
14:09 of 2nd period - Deflect By Jeff Petry.
14:09 of 2nd period - Stopped by Peter Budaj without a rebound.
14:10 of 2nd period - Anze Kopitar wins face-off versus Vincent Lecavalier in Bruins zone.
14:32 of 2nd period - Slapshot by Matt Duchene.
14:32 of 2nd period - Shot Blocked by Andrew Ference.
14:46 of 2nd period - Wrist shot by Vincent Lecavalier.
14:46 of 2nd period - Shot Blocked by Marian Hossa.
14:56 of 2nd period - Slapshot by Tobias Enstrom.
14:56 of 2nd period - Shot Blocked by Jeff Petry.
15:12 of 2nd period - Michael Raffl is hit by Marian Hossa and loses puck.
15:23 of 2nd period - David Savard is hit by Brenden Dillon and loses puck.
16:23 of 2nd period - Andrej Meszaros is hit by Zemgus Girgensons.
16:58 of 2nd period - Icing by Vincent Lecavalier.
16:59 of 2nd period - Jesse Winchester wins face-off versus Vincent Lecavalier in BlueJackets zone.
17:00 of 2nd period - Slapshot by Shea Weber.
17:00 of 2nd period - Shot Blocked by Kevin Klein.
17:12 of 2nd period - Jeff Petry is hit by Andrej Meszaros and loses puck.
17:57 of 2nd period - Off-side.
17:58 of 2nd period - Justin Williams wins face-off versus Anze Kopitar in neutral zone.
18:15 of 2nd period - Backhand shot by Brent Burns.
18:15 of 2nd period - Deflect By Justin Williams.
18:15 of 2nd period - Shot Blocked by Jeff Petry.
18:15 of 2nd period - Puck is out of play.
18:16 of 2nd period - Anze Kopitar wins face-off versus Brent Burns in Bruins zone.
18:27 of 2nd period - Snap shot by Matt Duchene.
18:27 of 2nd period - Stopped by Joni Ortio with a rebound.
19:12 of 2nd period - Snap shot by Erik Cole.
19:12 of 2nd period - Shot Misses the Net.
Goals for this period are 3 for Bruins vs 1 for BlueJackets.
Shots for this period are 6 for Bruins vs 5 for BlueJackets.

3rd period


0:01 of 3rd period - Anze Kopitar wins face-off versus Derick Brassard in neutral zone.
0:03 of 3rd period - Off-side.
0:04 of 3rd period - Derick Brassard wins face-off versus Marian Hossa in neutral zone.
0:30 of 3rd period - Slapshot by Derick Brassard.
0:30 of 3rd period - Shot Misses the Net.
0:40 of 3rd period - Snap shot by Matt Duchene.
0:40 of 3rd period - Stopped by Joni Ortio with a rebound.
0:56 of 3rd period - Vincent Lecavalier is hit by Jonas Brodin and loses puck.
1:28 of 3rd period - Wrist shot by Ryan O'Reilly.
1:28 of 3rd period - Shot Blocked by Tobias Enstrom.
2:09 of 3rd period - Snap shot by Antoine Roussel.
2:09 of 3rd period - Deflect By Nick Holden.
2:09 of 3rd period - Shot Blocked by Andre Benoit.
2:09 of 3rd period - Puck is out of play.
2:10 of 3rd period - Vernon Fiddler wins face-off versus Tom Wilson in Bruins zone.
2:11 of 3rd period - Wrist shot by Brent Burns.
2:11 of 3rd period - Stopped by Peter Budaj with a rebound.
2:27 of 3rd period - Snap shot by Tom Wilson.
2:27 of 3rd period - Stopped by Joni Ortio with a rebound.
2:41 of 3rd period - Slapshot by Shea Weber.
2:41 of 3rd period - Stopped by Joni Ortio with a rebound.
2:44 of 3rd period - Minor Penalty to Tom Wilson for Roughing.
2:45 of 3rd period - Derick Brassard wins face-off versus Zemgus Girgensons in Bruins zone.
2:46 of 3rd period - Snap shot by Brent Burns.
2:46 of 3rd period - Goal by Brent Burns - Bruins : 8 - BlueJackets : 4.
2:47 of 3rd period - Derick Brassard wins face-off versus Anze Kopitar in neutral zone.
3:00 of 3rd period - Snap shot by Brent Burns.
3:00 of 3rd period - Shot Blocked by Jonas Brodin.
3:25 of 3rd period - Minor Penalty to Brenden Dillon for Interference.
3:26 of 3rd period - Vernon Fiddler wins face-off versus Zemgus Girgensons in Bruins zone.
3:35 of 3rd period - Snap shot by Tobias Enstrom.
3:35 of 3rd period - Deflect By Teddy Purcell.
3:35 of 3rd period - Deflect By Zemgus Girgensons.
3:35 of 3rd period - Shot Blocked by Jeff Petry.
3:35 of 3rd period - Puck is out of play.
3:36 of 3rd period - Vernon Fiddler wins face-off versus Zemgus Girgensons in Bruins zone.
3:41 of 3rd period - Snap shot by Tobias Enstrom.
3:41 of 3rd period - Shot Misses the Net.
3:43 of 3rd period - Snap shot by Vernon Fiddler.
3:43 of 3rd period - Stopped by Peter Budaj with a rebound.
5:25 of 3rd period - Penalty to Brenden Dillon is over, Brenden Dillon is back on ice.
5:41 of 3rd period - Slapshot by Antoine Roussel.
5:41 of 3rd period - Shot Blocked by Jonas Brodin.
5:43 of 3rd period - Slapshot by Ron Hainsey.
5:43 of 3rd period - Shot Misses the Net.
5:45 of 3rd period - Wrist shot by Michael Raffl.
5:45 of 3rd period - Shot Blocked by Brenden Dillon.
5:47 of 3rd period - Slapshot by David Savard.
5:47 of 3rd period - Stopped by Peter Budaj with a rebound.
5:49 of 3rd period - Slapshot by Ron Hainsey.
5:49 of 3rd period - Deflect By Michael Raffl.
5:49 of 3rd period - Shot Misses the Net.
5:49 of 3rd period - Puck is out of play.
5:50 of 3rd period - Anze Kopitar wins face-off versus Michael Raffl in Bruins zone.
6:11 of 3rd period - Snap shot by Anze Kopitar.
6:11 of 3rd period - Shot Hit the Post.
6:59 of 3rd period - Kevin Klein is hit by Shea Weber and loses puck.
7:04 of 3rd period - Snap shot by Valeri Nichushkin.
7:04 of 3rd period - Shot Misses the Net.
7:10 of 3rd period - Slapshot by Erik Cole.
7:10 of 3rd period - Goal by Erik Cole - Bruins : 8 - BlueJackets : 5.
7:11 of 3rd period - Paul Stastny wins face-off versus Vernon Fiddler in neutral zone.
8:07 of 3rd period - Minor Penalty to Vincent Lecavalier for Holding.
8:08 of 3rd period - Ryan O'Reilly wins face-off versus Brent Burns in BlueJackets zone.
8:32 of 3rd period - Wrist shot by Matt Duchene.
8:32 of 3rd period - Stopped by Joni Ortio with a rebound.
9:33 of 3rd period - Vernon Fiddler is hit by Marian Hossa and loses puck.
10:00 of 3rd period - Andrej Meszaros is hit by Anze Kopitar and loses puck.
10:07 of 3rd period - Penalty to Vincent Lecavalier is over, Vincent Lecavalier is back on ice.
10:37 of 3rd period - Snap shot by Antoine Roussel.
10:37 of 3rd period - Shot Misses the Net.
10:39 of 3rd period - Wrist shot by Michael Raffl.
10:39 of 3rd period - Deflect By Gabriel Bourque.
10:39 of 3rd period - Goal by Gabriel Bourque - Bruins : 8 - BlueJackets : 6.
10:40 of 3rd period - Michael Raffl wins face-off versus Jesse Winchester in neutral zone.
10:46 of 3rd period - Slapshot by Tobias Enstrom.
10:46 of 3rd period - Stopped by Peter Budaj with a rebound.
11:04 of 3rd period - Backhand shot by Antoine Roussel.
11:04 of 3rd period - Stopped by Peter Budaj with a rebound.
11:30 of 3rd period - Slapshot by Tobias Enstrom.
11:30 of 3rd period - Stopped by Peter Budaj without a rebound.
11:31 of 3rd period - Tommy Wingels wins face-off versus Derick Brassard in Bruins zone.
12:12 of 3rd period - Teddy Purcell is hit by Tommy Wingels and loses puck.
12:53 of 3rd period - Wrist shot by Matt Duchene.
12:53 of 3rd period - Stopped by Joni Ortio with a rebound.
12:55 of 3rd period - Slapshot by Nick Holden.
12:55 of 3rd period - Shot Blocked by Michael Raffl.
13:27 of 3rd period - Vernon Fiddler is hit by Andre Benoit and loses puck.
14:38 of 3rd period - Brent Burns is hit by Jonas Brodin and loses puck.
15:05 of 3rd period - Wrist shot by Antoine Roussel.
15:05 of 3rd period - Stopped by Peter Budaj with a rebound.
15:13 of 3rd period - Slapshot by Shea Weber.
15:13 of 3rd period - Stopped by Joni Ortio with a rebound.
15:37 of 3rd period - Snap shot by Vincent Lecavalier.
15:37 of 3rd period - Stopped by Peter Budaj with a rebound.
15:43 of 3rd period - Tobias Enstrom is hit by Jeff Petry and loses puck.
16:30 of 3rd period - Minor Penalty to Nick Holden for Tripping.
16:31 of 3rd period - Erik Cole wins face-off versus Zemgus Girgensons in Bruins zone.
17:42 of 3rd period - Snap shot by Teddy Purcell.
17:42 of 3rd period - Shot Blocked by Zemgus Girgensons.
18:30 of 3rd period - Penalty to Nick Holden is over, Nick Holden is back on ice.
19:33 of 3rd period - Shea Weber is hit by Ryan Garbutt and loses puck.
19:44 of 3rd period - Wrist shot by Ryan Garbutt.
19:44 of 3rd period - Deflect By Brent Burns.
19:44 of 3rd period - Deflect By Shea Weber.
19:44 of 3rd period - Shot Blocked by Jeff Petry.
19:44 of 3rd period - Puck is out of play.
19:45 of 3rd period - Paul Stastny wins face-off versus Vernon Fiddler in Bruins zone.
Goals for this period are 0 for Bruins vs 3 for BlueJackets.
Shots for this period are 6 for Bruins vs 11 for BlueJackets.


Output by the SimonT Hockey Simulator (STHS) for Eric Dolegowski -- Original Page W3C XHTML 1.0 Valid
Hockey Simulator - Hockey Simulation - Hockey Manager